 Dungeon Crawl Stone Soup version 0.31.0-11-ge490571c62 (webtiles) character file.

Game seed: 12938133930054232301

2429 shadowrider38 the Cleaver (level 9, 0/79 HPs)
             Began as a Minotaur Fighter on Jan 30, 2024.
             Was a Priest of Okawaru.
             Killed from afar by an acid dragon (20 damage)
             ... with a splash of acid
             ... on level 8 of the Dungeon.
             The game lasted 00:06:04 (6185 turns).

shadowrider38 the Cleaver (Minotaur Fighter)        Turns: 6185, Time: 00:06:05

Health: 0/79       AC:  7    Str: 25    XL:     9   Next: 24%
Magic:  10/10      EV:  9    Int:  5    God:    Okawaru [***...]
Gold:   474        SH:  5    Dex: 13    Spells: 8/8 levels left

rFire   . . .        a - +0 war axe
rCold   . . .        c - +0 buckler
rNeg    . . .        r - +1 scale mail of Ashenzari's Generosity {Regen+ Dex+3}
rPois   .            (helmet restricted)
rElec   .            A - +0 cloak
rCorr   .            (no gloves)
SInv    .            (no boots)
Will    +....        (no amulet) Stlth
                     y - +4 ring of protection
HPRegen 1.13/turn    m - ring of willpower
MPRegen 0.12/turn

%: no passive effects
@: corroded
A: horns 2, retaliatory headbutt
a: Renounce Religion, Heroism


You were on level 8 of the Dungeon.
You worshipped Okawaru.
Okawaru was most pleased with you.
You visited 2 branches of the dungeon, and saw 9 of its levels.
You also visited: Ossuary.

You collected 474 gold pieces.

Inventory:

Hand Weapons
 a - a +0 war axe (weapon)
Missiles
 t - 5 boomerangs (quivered)
Armour
 c - a +0 buckler (worn)
 r - the +1 scale mail of Ashenzari's Generosity (worn) {Regen+ Dex+3}
   (You found it on level 4 of the Dungeon)

   Dex+3:     It affects your dexterity (+3).
   Regen+:    It increases your rate of health regeneration.
 A - a +0 cloak (worn)
 C - a +0 pair of gloves
Jewellery
 e - a ring of magical power
 m - a ring of willpower (right hand)
 s - a ring of ice
 y - a +4 ring of protection (left hand)
Wands
 D - a wand of digging (3)
 V - a wand of flame (14)
Scrolls
 b - a scroll of torment {unknown}
 f - 7 scrolls of identify {unknown}
 k - 2 scrolls of brand weapon {unknown}
 p - a scroll of immolation {unknown}
 u - a scroll of noise {unknown}
 w - 2 scrolls of teleportation {unknown}
 F - a scroll of butterflies {unknown}
Potions
 d - a potion of might
 g - 2 potions of attraction {unknown}
 h - 2 potions of ambrosia {unknown}
 i - 7 potions of enlightenment {unknown}
 j - 2 potions of lignification {unknown}
 l - a potion of invisibility {unknown}
 n - 2 potions of heal wounds {unknown}
 o - a potion of mutation {unknown}
 q - 3 potions of curing {unknown}
 v - a potion of cancellation {unknown}
 x - a potion of brilliance {unknown}
 z - a potion of berserk rage {unknown}
 B - 3 potions of haste {unknown}
 E - 2 potions of resistance {unknown}


   Skills:
 - Level 7.0 Fighting
 - Level 10.0 Axes
 + Level 9.5 Armour
 - Level 4.0 Shields
 - Level 3.0 Invocations


You had 8 spell levels left.
You didn't know any spells.
Your spell library contained the following spells:

 Spells                   Type           Power      Damage    Failure   Level
 Foxfire                  Conj/Fire      0%         2x1d4     78%         1
 Ensorcelled Hibernation  Hex/Ice        0%         N/A       89%         2
 Passwall                 Erth           0%         N/A       98%         3
 Swiftness                Air            0%         N/A       98%         3


Dungeon Overview and Level Annotations

Branches:
Dungeon (8/15) Zot: 26986  Temple (1/1) D:7 Zot: 5998 Ossuary (visited)
   Lair: D:8-11

Altars:
Cheibriados
Dithmenos
Elyvilon
Hepliaklqana
Kikubaaqudgha
Makhleb
Nemelex Xobeh
Okawaru
Qazlal
Trog
Uskayaw
Wu Jian
Xom
Yredelemnul
Zin

Shops:
D:1 :   D:4 *

Annotations:
D:3 exclusion: 2 downstairs
D:4 Dowan, Duvessa


Innate Abilities, Weirdness & Mutations

You have a pair of horns on your head.
You reflexively headbutt those who attack you in melee.


Message History

The acid dragon bites you.
The acid dragon claws you but does no damage.
You hit the acid dragon.
The acid dragon is almost dead.
The water moccasin barely misses you.
An orc warrior comes into view. It is wielding a +0 halberd.
The acid dragon spits acid at you. The splash of acid hits you!!
* * * LOW HITPOINT WARNING * * *
The acid corrodes you!
You hit the acid dragon.
You headbutt the acid dragon, but do no damage.
The acid dragon is almost dead.
You hit the water moccasin but do no damage.
The water moccasin bites you but does no damage.
The acid dragon barely misses you. The acid dragon claws you.
* * * LOW HITPOINT WARNING * * *
Okay, then.
Unknown command.
Unknown command.
You hit the acid dragon but do no damage.
The acid dragon is almost dead.
You closely miss the water moccasin. You block the water moccasin's attack.
The water moccasin bites you but does no damage.
The acid dragon barely misses you. You block the acid dragon's attack.
You hit the acid dragon but do no damage.
Your headbutt misses the acid dragon.
The acid dragon is almost dead.
You hit the water moccasin but do no damage.
You block the water moccasin's attack.
An orc wizard comes into view. It is wielding a +0 dagger.
The acid dragon bites you.
* * * LOW HITPOINT WARNING * * *
The acid dragon claws you but does no damage.
You hit the acid dragon but do no damage.
Your headbutt misses the acid dragon.
The acid dragon is almost dead.
You miss the water moccasin. The water moccasin barely misses you.
You block the water moccasin's attack. The acid dragon closely misses you.
The acid dragon claws you but does no damage.
You hit the acid dragon but do no damage.
Your headbutt misses the acid dragon.
The acid dragon is almost dead.
You barely miss the water moccasin. You hit the orc. You slash the orc wizard!
The water moccasin bites you but does no damage.
The orc wizard hits you with a +0 dagger.
* * * LOW HITPOINT WARNING * * *
The acid dragon spits acid at you. The splash of acid hits you!!
You die...

#..............
#..............
#..............
#..............
#..............
###..:..........
........o.D.#
........o@S.#
.......<#####
........#
.........
........##
...)....#
........#
........#
........#


You could see a water moccasin, an acid dragon (catching breath), an orc wizard
and an orc.

Vanquished Creatures
  A water moccasin (D:5)
  A sky beast (D:6)
  2 black bears
  An ogre (D:6)
  A centaur (D:7)
  A phantom (D:7)
  A kobold brigand (D:6)
  2 bullfrogs (D:7)
  2 scorpions
  A gnoll sergeant (D:5)
  5 wights (D:7)
  A burial acolyte (Ossuary)
  2 water moccasin zombies (Ossuary)
  A howler monkey (D:6)
  4 hounds
  3 orc priests
  2 jellies (D:5)
  2 sleepcaps (D:6)
  6 iguanas
  Natasha (thrice) (D:3)
  6 orc wizards
  3 crocodile zombies (Ossuary)
  2 mummies (Ossuary)
  6 adders
  3 gnolls
  A shadow imp (D:5)
  An adder zombie (Ossuary)
  A dart slug (D:2)
  2 ribbon worms (D:3)
  20 orcs
  5 endoplasms
  3 giant cockroaches
  11 gnoll zombies (Ossuary)
  2 goblins
  9 hobgoblins
  2 quokkas
  3 ball pythons
  7 bats
  2 jackal zombies (Ossuary)
  12 kobolds
  3 orc zombies (Ossuary)
  7 rats
153 creatures vanquished.

Notes
Turn   | Place    | Note
-------+----------+-------------------------------------------
     0 | D:1      | shadowrider38 the Minotaur Fighter began the quest for the
                  | Orb.
     0 | D:1      | Reached XP level 1. HP: 19/19 MP: 0/0
    24 | D:1      | Reached skill level 3 in Axes
   185 | D:1      | Reached XP level 2. HP: 26/26 MP: 1/1
   520 | D:1      | Reached skill level 4 in Axes
   527 | D:1      | Found Kaziet Qinemm's Book Boutique.
   854 | D:2      | Reached XP level 3. HP: 31/31 MP: 2/2
  1303 | D:2      | Found an iron altar of Okawaru.
  1353 | D:2      | Became a worshipper of Warmaster Okawaru
  1370 | D:2      | Found a faded altar of an unknown god.
  1378 | D:2      | Got Plato's Thoughts on Blows
  1766 | D:2      | Reached skill level 5 in Axes
  1766 | D:2      | Reached XP level 4. HP: 7/39 MP: 3/3
  2104 | D:3      | Reached skill level 6 in Axes
  2190 | D:3      | Noticed Natasha
  2198 | D:3      | Killed Natasha
  2199 | D:3      | Reached XP level 5. HP: 40/45 MP: 4/4
  2381 | D:3      | Noticed Natasha
  2396 | D:3      | Killed Natasha
  2785 | D:3      | Reached skill level 7 in Axes
  2845 | D:3      | Reached * piety under Okawaru
  3003 | D:4      | Noticed Duvessa
  3008 | D:4      | Noticed Dowan
  3167 | D:4      | Reached XP level 6. HP: 44/51 MP: 5/5
  3344 | D:4      | Found Tuudwuc's General Store.
  3383 | D:4      | Identified the +1 scale mail of Ashenzari's Generosity
                  | {Regen+ Dex+3}
  3549 | D:3      | Noticed Natasha
  3557 | D:3      | Killed Natasha
  3707 | D:5      | Entered Level 5 of the Dungeon
  3734 | D:5      | Reached skill level 8 in Axes
  3843 | D:5      | Noticed a water moccasin
  3852 | D:5      | Killed a water moccasin
  3853 | D:5      | Reached skill level 3 in Invocations
  3879 | D:5      | Reached XP level 7. HP: 56/58 MP: 8/8
  4315 | D:5      | Reached skill level 9 in Axes
  4361 | D:5      | Reached ** piety under Okawaru
  4435 | D:6      | Reached XP level 8. HP: 48/67 MP: 9/9
  4570 | D:6      | Found a sand-covered staircase.
  4587 | D:6      | Reached skill level 10 in Axes
  4610 | Ossuary  | Entered an ossuary
  4837 | D:6      | Reached *** piety under Okawaru
  4851 | D:6      | Found a glowing silver altar of Zin.
  5279 | D:6      | Found a burning altar of Makhleb.
  5536 | D:7      | Reached XP level 9. HP: 60/79 MP: 10/10
  5590 | D:7      | Found an ancient bone altar of Kikubaaqudgha.
  5767 | D:7      | Found a staircase to the Ecumenical Temple.
  5780 | D:7      | Reached skill level 9 in Armour
  5810 | D:7      | Found a shadowy altar of Dithmenos.
  5849 | Temple   | Entered the Ecumenical Temple
  6185 | D:8      | Killed from afar by an acid dragon

Illustrated notes

Levels and vault maps discovered:
D:1:      dpeg_arrival_tiny_a, layout_loops_ring, serial_shops, shop_statue
D:2:      minmay_chambers_of_twos, layout_basic, basic_altar,
          shapermc_ecumenical_altar_rom_forum
D:3:      layout_basic, minmay_crystal_room, uniq_natasha
D:4:      layout_loops_cross, gammafunk_temple_overflow_forgotten, serial_shops,
          shop, uniq_duvessa
D:5:      layout_loops_ring
D:6:      layout_loops_ring, mainiacjoe_overflow_surrounded_room,
          mainiacjoe_overflow_small_starburst,
          lightli_ossuary_entry_decrepit_ruins, serial_aquarium,
          aquarium_bridge_island_small [aquarium_subvault_small_water,
          aquarium_subvault_bridge, aquarium_subvault_wall,
          aquarium_subvault_window, aquarium_subvault_balcony],
          aquarium_window_corridor_1, aquarium_window_fake, aquarium_view_2b,
          aquarium_view_2c, aquarium_pool_corner
D:7:      layout_loops_cross, nicolae_kikubaaqudgha_miasma_corner,
          kennysheep_little_box, minmay_temple_entry_mini_moons
D:8:      layout_rooms, jmf_multi_god_temple2, mainiacjoe_overflow_chevrons
Temple:   jpeg_temple_clearing

Skill      XL: |  1  2  3  4  5  6  7  8  9 |
---------------+----------------------------+-----
Axes           | 3 4 5 6 7 8 9 10 | 10.0
Invocations    | 3 |  3.0
Fighting       | 4 7 |  7.0
Armour         | 5 8 9 |  9.5
Shields        | 4 |  4.0

Action                     |  1- 3 |  4- 6 |  7- 9 || total
---------------------------+-------+-------+-------++-------
  Melee: War axe           |    77 |   109 |   261 ||   447
         Headbutt          |     9 |    22 |    53 ||    84
  Evoke: Wand              |       |       |     1 ||     1
 Armour: Scale mail        |    62 |    25 |   157 ||   244
         Chain mail        |       |    60 |       ||    60
         Skin              |       |     2 |       ||     2
  Dodge: Dodged            |    34 |    45 |   107 ||   186
  Block: Buckler           |    14 |    24 |    56 ||    94
